AoeStats
← Terárko

Baltic

510298379Analyzed
2v2 RM · 20h ago on Sep 30, 2026· 106m 46s· 4 players
Game mode
Random Map
Map size
Medium (4 player)
Population
200
Speed
Normal
Resources
Standard
Victory
Conquest
Starting age
Dark Age
Ending age
Imperial Age
RankedLock teamsTeams togetherTeam positionsShared explorationLock speedFull tech treeHidden civsTurbo modeCheats
Victory
Defeat
🇸🇰 Wei · Slovakia
930
+16
🇸🇰 Dravidians · Slovakia
929
+16
🇪🇸 Spanish · Spain
947
-16
🇧🇪 Malay · Belgium
931
-16
Terárko
0:33 Loom
9:10 Loom
11:26 Feudal Age
12:54 Double-Bit Axe
15:44 Wheelbarrow
19:17 Castle Age
19:15 Forging
19:34 Fishing Lines
21:16 Medium Warships
20:57 Gillnets
21:07 Horse Collar
21:11 Pikeman
21:37 Gambesons
24:23 Fletching
24:35 Padded Archer Armor
24:42 Scale Barding Armor
27:13 Bow Saw
27:36 Hand Cart
27:37 Bodkin Arrow
31:14 Elite Skirmisher
34:08 Ballistics
34:06 Leather Archer Armor
34:12 Chain Barding Armor
35:00 Medical Corps
38:48 Imperial Age
36:55 Thumb Ring
37:36 Iron Casting
37:01 Scale Mail Armor
38:59 Man-at-Arms
39:39 Squires
40:16 Conscription
41:02 Chemistry
40:05 Gold Mining
44:04 Two-Man Saw
42:32 Elite Elephant Archer
42:47 Halberdier
45:51 Long Swordsman
47:35 Blast Furnace
46:50 Chain Mail Armor
46:35 Bracer
47:06 Ring Archer Armor
48:38 Stone Mining
51:48 Two-Handed Swordsman
52:52 Wootz Steel
53:07 Plate Mail Armor
52:11 Light Cavalry
55:09 Block Printing
54:57 Devotion
55:14 Heavy Plow
56:47 Champion
62:15 Hoardings
61:49 Caravan
XxTatarkaxX
8:25 Loom
12:20 Feudal Age
12:51 Double-Bit Axe
12:58 Gold Mining
13:56 Horse Collar
16:29 Stone Mining
20:19 Castle Age
22:42 Bow Saw
25:00 Wheelbarrow
25:31 Town Watch
26:57 Fletching
27:39 Bodkin Arrow
29:38 Hand Cart
30:17 Heavy Plow
31:54 Thumb Ring
31:51 Husbandry
32:51 Padded Archer Armor
34:07 Bloodlines
34:11 Forging
34:07 Scale Barding Armor
35:37 Ballistics
35:28 Fortified Wall
35:14 Murder Holes
36:47 Gold Shaft Mining
36:51 Stone Shaft Mining
36:39 Leather Archer Armor
41:54 Imperial Age
43:46 Conscription
43:59 Caravan
43:36 Light Cavalry
43:43 Pikeman
44:23 Squires
45:32 Chemistry
44:56 Tuntian
45:27 Halberdier
50:24 Parthian Tactics
50:10 Bracer
50:40 Ring Archer Armor
55:17 Iron Casting
55:02 Chain Barding Armor
54:42 Scale Mail Armor
55:58 Arson
60:38 Ming Guang Armor
62:15 Hussar
64:09 Blast Furnace
63:25 Chain Mail Armor
67:34 Treadmill Crane
67:44 Capped Ram
71:23 Siege Ram
83:12 Elite Skirmisher
87:51 Crop Rotation
92:25 Heavy Hei Guang Cavalry
103:06 Demolition Ship
104:07 Clinker Construction
104:08 Careening
calibanlegend
3:17 Loom
10:43 Feudal Age
11:13 Double-Bit Axe
12:21 Horse Collar
19:06 Castle Age
17:03 Stone Mining
18:10 Gold Mining
19:00 Wheelbarrow
18:10 Town Watch
20:02 Caravan
27:38 Bloodlines
27:28 Husbandry
28:54 Scale Barding Armor
30:29 Chain Barding Armor
33:01 Fletching
35:36 Fervor
35:57 Sanctity
35:54 Inquisition
38:31 Imperial Age
36:46 Bow Saw
39:37 Conscription
41:02 Block Printing
43:11 Illumination
Zarathustra
0:39 Loom
12:29 Feudal Age
12:11 Town Watch
12:33 Double-Bit Axe
14:04 Gold Mining
15:10 Fishing Lines
15:37 Padded Archer Armor
17:11 Fletching
19:56 Town Watch
23:25 Castle Age
22:04 Stone Mining
23:53 Wheelbarrow
23:31 Medium Warships
23:40 Bodkin Arrow
24:44 Leather Archer Armor
25:29 Bow Saw
25:47 Thalassocracy
26:11 Gillnets
30:02 Careening
29:43 Horse Collar
30:50 Ballistics
32:27 Heavy Plow
33:41 Murder Holes
33:29 Treadmill Crane
34:38 Caravan
35:02 Hand Cart
34:49 Arson
38:52 Imperial Age
37:52 Squires
39:20 Chemistry
38:44 Conscription
38:27 Bracer
38:55 Heavy Warships
39:32 Dry Dock
39:41 Shipwright
39:51 Elite Skirmisher
42:25 Clinker Construction
43:28 Husbandry
43:59 Scale Barding Armor
44:05 Forging
43:20 Light Cavalry
44:39 Carvel Hull
45:11 Forced Levy
44:33 Man-at-Arms
45:59 Crop Rotation
46:02 Ring Archer Armor
46:10 Iron Casting
45:47 Long Swordsman
46:35 Two-Handed Swordsman
48:32 Blast Furnace
48:53 Ring Archer Armor
48:54 Siege Engineers
49:00 Masonry
48:37 Elite Cannon Galleon
49:33 Town Patrol
51:08 Onager
54:21 Thumb Ring
53:48 Cavalier
62:20 Guilds
67:05 Elite Karambit Warrior
82:31 Elite Battle Elephant
93:44 Capped Ram
99:21 Pikeman
Connection lost

Rejoining the realm…

Still unreachable

The connection could not be restored.

Session expired

The server has moved on; the page needs a fresh start.